Map: Golden Wall LE

Players

ExpecT - Winner!

  • Race: Terran Terran
  • Spawn Location: 7:00

GogojOey

  • Race: Zerg Zerg
  • Spawn Location: 5:00

Event: DreamHack SC2 Masters 2020 Summer TwHkMoJp

VOD

Have the link to the VOD?

Description

Time

  • Played on: June 24, 2020, 7:37 a.m.
  • Length: 18:38

All games in this series

Show
View Real Time Build Order
Export as new Build Order

ExpecT Terran - Winner!

Build Orders: Reaper Expand 

Get SALT Encoding   

  12  0:00  SCV  
  13  0:12  SCV  
  14  0:17  Supply Depot  
  14  0:25  SCV  
  15  0:39  SCV  
  15  0:41  Barracks  
  16  0:45  Refinery  
  16  0:51  SCV  
  17  1:03  SCV  
  18  1:15  SCV  
  19  1:28  Orbital Command  
  19  1:29  Reaper  
  20  1:41  Command Center  
  20  1:54  Supply Depot, SCV  
  21  2:01  Marine  
  22  2:09  Factory  
  22  2:11  SCV  
  22  2:17  Refinery  
  22  2:25  Barracks Reactor, Bunker  
  22  2:27  SCV  
  19  2:49  Bunker, SCV  
  15  3:04  Hellion  
  17  3:09  SCV  
  18  3:12  Marine  
  18  3:14  Marine  
  20  3:22  SCV  
  21  3:29  Hellion  
  23  3:36  SCV  
  23  3:38  Marine x2  
  26  3:54  SCV  
  28  4:01  Marine x2, Factory Tech Lab  
  28  4:05  Orbital Command  
  28  4:06  SCV  
  29  4:18  SCV  
  29  4:19  Siege Tank  
  29  4:23  Marine x2  
  35  4:31  SCV  
  35  4:37  SCV  
  37  4:43  SCV  
  38  4:55  SCV x2  
  40  5:01  Factory Tech Lab  
  40  5:05  Stimpack, Marine  
  40  5:06  Supply Depot  
  40  5:07  SCV  
  42  5:08  SCV  
  43  5:17  Command Center  
  43  5:19  SCV  
  43  5:20  SCV  
  45  5:28  Siege Tank  
  48  5:31  SCV  
  48  5:32  SCV  
  48  5:33  Supply Depot  
  50  5:36  Supply Depot  
  50  5:43  SCV  
  50  5:44  SCV  
  50  5:48  Barracks  
  52  5:52  Barracks  
  52  5:55  Marine  
  52  5:56  SCV x2  
  55  6:02  Supply Depot  
  55  6:08  SCV x2  
  57  6:12  Starport  
  57  6:14  Engineering Bay  
  57  6:17  Engineering Bay  
  57  6:21  Marine  
  57  6:25  SCV x2  
  60  6:32  Orbital Command  
  60  6:37  SCV x2  
  60  6:39  Marine x3  
  64  6:42  Barracks Reactor  
  64  6:43  Terran Infantry Weapons Level 1, Terran Infantry Armor Level 1  
  61  6:48  Combat Shield  
  61  6:49  Starport Reactor, SCV x2  
  63  6:55  Missile Turret  
  63  7:01  SCV  
  63  7:06  Siege Tank  
  63  7:07  Missile Turret  
  67  7:09  Refinery, SCV  
  67  7:10  Refinery  
  67  7:12  Missile Turret  
  67  7:13  Marine, SCV  
  67  7:14  Marine  
  71  7:15  Marine  
  71  7:19  Orbital Command  
  72  7:23  Supply Depot, SCV  
  72  7:25  SCV  
  72  7:26  Supply Depot  
  74  7:30  Orbital Command  
  74  7:31  Medivac  
  74  7:33  Marine  
  74  7:34  Marine x4  
  81  7:37  SCV  
  81  7:38  SCV  
  83  7:47  Siege Tank  
  86  7:56  Marine x3  
  86  7:57  Marine x2  
  86  7:58  SCV x3, Barracks  
  94  7:59  Barracks  
  94  8:01  Missile Turret  
  94  8:05  Medivac  
  94  8:06  Medivac  
  94  8:11  Armory  
  98  8:13  SCV x2  
  98  8:15  SCV  
  101  8:21  Siege Tank  
  101  8:26  Refinery  
  104  8:30  SCV x3  
  104  8:31  Factory, Marine x2  
  108  8:44  Supply Depot, SCV  
  108  8:45  Supply Depot  
  108  8:46  SCV x2  
  111  8:50  Supply Depot  
  111  8:52  Missile Turret  
  111  8:56  Siege Tank, Marine x2  
  111  8:57  Barracks Reactor  
  111  8:58  Barracks Reactor  
  111  9:00  Marine  
  111  9:01  Marine  
  117  9:09  Marine  
  111  9:11  Medivac  
  111  9:12  Medivac  
  111  9:14  Marine x2  
  119  9:18  Factory Reactor  
  119  9:19  Marine  
  119  9:20  Marine  
  119  9:22  Terran Infantry Weapons Level 2  
  116  9:27  Marine  
  116  9:30  Command Center  
  117  9:32  Marine x2  
  117  9:36  Supply Depot, Terran Infantry Armor Level 2  
  117  9:37  Marine x2  
  121  9:40  Marine  
  121  9:41  Marine x3  
  121  9:45  Marine  
  125  9:48  Thor  
  132  9:55  Supply Depot  
  132  9:57  Supply Depot  
  132  9:58  Marine  
  132  9:59  Marine x5  
  138  10:03  Widow Mine x2  
  142  10:09  SCV x2  
  142  10:10  Sensor Tower, SCV  
  142  10:12  Marine x2  
  142  10:13  Marine  
  148  10:16  Marine x2  
  148  10:17  Medivac  
  148  10:18  Medivac  
  154  10:24  Supply Depot  
  154  10:26  Supply Depot  
  154  10:27  Marine x4  
  158  10:30  Marine  
  158  10:34  Thor, Drilling Claws  
  165  10:41  Missile Turret  
  165  10:42  Widow Mine x2  
  169  10:49  Marine x3  
  158  11:06  Marine x4  
  158  11:07  Marine x2  
  155  11:12  SCV x3  
  155  11:14  Medivac x2  
  155  11:15  Widow Mine, Hellion  
  155  11:17  Thor  
  153  11:22  Marine x3  
  143  11:34  Marine  
  143  11:35  Marine x5  
  143  11:36  Widow Mine  
  143  11:39  Widow Mine  
  153  11:40  Marauder  
  153  11:44  Marine x2, Medivac x2  
  161  11:50  SCV x3  
  161  11:52  Marine  
  145  11:57  Marine  
  145  12:02  Marine x6  
  145  12:03  Marauder  
  153  12:10  Marine  
  153  12:12  Thor  
  153  12:13  Widow Mine x2  
  164  12:19  Planetary Fortress  
  164  12:20  SCV  
  164  12:21  SCV  
  164  12:22  SCV  
  167  12:32  SCV  
  167  12:33  SCV  
  167  12:34  SCV  
  166  12:41  Medivac, Missile Turret  
  166  12:42  Missile Turret  
  170  12:45  SCV x2  
  170  12:46  Widow Mine, SCV  
  170  12:47  Widow Mine  
  170  12:51  Marine x5, Medivac  
  177  12:53  Marine  
  183  12:59  Marine x2  
  179  13:05  Marine  
  179  13:11  Marine x5  
  141  13:16  Marine x2  
  142  13:23  Marine  
  142  13:26  SCV x3  
  142  13:27  SCV  
  147  13:28  Marine  
  147  13:29  Marine x4  
  130  13:34  Marine x2  
  124  13:41  Marine  
  124  13:46  SCV x2  
  124  13:47  SCV x2  
  128  13:55  Marine x3  
  113  14:02  Marine  
  102  14:03  Marine  
  102  14:04  SCV  
  102  14:05  SCV x3  
  102  14:11  Missile Turret  
  102  14:13  Marine  
  102  14:15  Thor  
  103  14:19  Marine x4  
  103  14:21  Marine  
  108  14:28  Marine  
  108  14:29  Marauder  
  111  14:31  Marine  
  111  14:37  Marine x2  
  111  14:38  Widow Mine x2  
  118  14:42  SCV x2  
  117  14:52  Marine  
  117  14:53  Marine x3  
  117  14:55  Marine x2  
  117  14:58  Thor  
  117  14:59  Barracks  
  129  15:00  SCV x3  
  129  15:01  Barracks  
  124  15:14  Marine x4  
  98  15:16  Marine x3  
  98  15:17  Marine  
  98  15:18  Starport Reactor  
  101  15:32  Widow Mine x2  
  101  15:34  Marine x6  
  109  15:36  Marauder  
  109  15:41  Thor  
  115  15:56  Marine x2, Medivac x2  
  115  15:57  Marauder, Marine x7  
  123  16:01  Widow Mine  
  123  16:03  Widow Mine  
  124  16:14  Marine x4  
  124  16:15  Marine x5  
  131  16:26  Medivac x2  
  134  16:34  Orbital Command, Marine x7  
  138  16:41  Missile Turret  
  138  16:50  Widow Mine x2  
  142  16:55  SCV x3  
  142  16:56  Medivac x2  
  149  17:05  Marine x6  
  155  17:12  Marine x2  
  155  17:13  Widow Mine  
  155  17:14  Marine  
  160  17:23  Marine x4  
  154  17:40  Missile Turret  
  154  17:41  Marine x2  
  154  17:42  Marine x8  
  145  17:59  Marine x3  
  145  18:00  Marauder  
  145  18:01  Marine x2  
  152  18:09  Widow Mine x2  
  162  18:16  SCV x4  
Show
View Real Time Build Order
Export as new Build Order

GogojOey Zerg 

Build Orders: Pool First, Muta Ling Bane 

Get SALT Encoding   

  12  0:00  Drone  
  13  0:07  Extractor  
  12  0:24  Spawning Pool  
  11  0:29  Drone  
  11  0:35  Drone  
  13  0:40  Drone  
  14  0:52  Overlord  
  14  1:10  Metabolic Boost  
  14  1:11  Zergling x4  
  14  1:15  Zergling x2  
  17  1:22  Zergling x2  
  18  1:33  Zergling x2  
  19  1:44  Zergling x2  
  20  1:49  Hatchery  
  19  2:01  Queen  
  21  2:11  Overlord  
  21  2:13  Drone  
  22  2:29  Drone x2  
  24  2:39  Drone  
  21  2:51  Zergling x2  
  21  2:52  Queen  
  24  3:00  Zergling x2  
  24  3:05  Zergling x2  
  26  3:06  Queen  
  26  3:11  Zergling x2  
  28  3:13  Zergling x2  
  29  3:21  Zergling x2  
  29  3:23  Zergling x8  
  33  3:35  Drone x2  
  35  3:51  Drone x2  
  34  3:56  Queen  
  34  4:00  Overlord  
  35  4:04  Overlord  
  35  4:12  Overlord  
  35  4:19  Drone  
  35  4:20  Drone x5  
  35  4:23  Drone  
  42  4:35  Drone x2  
  42  4:37  Drone x3  
  46  4:41  Drone  
  46  4:45  Lair  
  47  4:48  Drone  
  47  4:49  Drone  
  49  4:55  Drone x3  
  49  4:56  Drone  
  49  4:59  Extractor  
  52  5:04  Overlord  
  52  5:05  Drone x2  
  54  5:07  Drone x2  
  56  5:14  Extractor x2  
  56  5:18  Drone, Overlord  
  56  5:19  Drone x2  
  57  5:34  Drone x3  
  60  5:38  Hatchery  
  60  5:40  Drone x2  
  61  5:47  Baneling Nest  
  61  5:48  Zergling x4  
  62  5:50  Overlord  
  62  6:06  Spore Crawler  
  62  6:10  Spire  
  60  6:14  Drone x2  
  60  6:15  Drone x3  
  60  6:16  Overseer  
  60  6:18  Overlord  
  65  6:19  Spore Crawler, Zergling x6  
  67  6:26  Overlord  
  67  6:30  Centrifical Hooks  
  67  6:31  Baneling x3  
  67  6:32  Baneling  
  67  6:37  Zergling x6  
  70  6:41  Drone  
  70  6:42  Drone x2  
  73  6:47  Drone x2  
  73  6:48  Drone  
  73  6:49  Drone  
  77  6:56  Overlord  
  77  6:57  Drone  
  77  7:00  Drone x2  
  80  7:03  Overseer  
  80  7:05  Drone x4  
  84  7:14  Drone x3, Extractor  
  84  7:15  Extractor  
  85  7:20  Overlord x2  
  85  7:21  Drone  
  85  7:22  Drone  
  87  7:25  Mutalisk x2  
  91  7:30  Evolution Chamber  
  91  7:31  Zerg Flyer Weapons Level 1  
  91  7:32  Evolution Chamber, Mutalisk  
  91  7:35  Drone x3  
  94  7:37  Mutalisk  
  95  7:49  Mutalisk x3  
  99  7:54  Mutalisk  
  101  8:00  Overlord x2  
  101  8:01  Zergling x4  
  103  8:06  Zerg Ground Armor Level 1  
  103  8:09  Hatchery  
  103  8:10  Zerg Melee Weapons Level 1  
  102  8:13  Overlord  
  102  8:16  Zergling x12  
  108  8:20  Drone x3  
  111  8:31  Baneling x2  
  111  8:34  Mutalisk x3, Drone x2  
  111  8:36  Drone x3  
  111  8:38  Drone x3  
  111  8:40  Baneling x2  
  111  8:41  Drone x2  
  127  8:47  Infestation Pit  
  126  8:49  Drone  
  126  8:51  Mutalisk  
  129  8:58  Baneling x4  
  129  8:59  Baneling x2  
  129  9:00  Zergling x10  
  134  9:09  Mutalisk  
  133  9:10  Mutalisk  
  133  9:13  Overlord x6  
  133  9:14  Baneling  
  133  9:15  Baneling x3  
  137  9:21  Overlord  
  137  9:24  Drone  
  138  9:26  Drone  
  138  9:31  Mutalisk x2  
  137  9:33  Zergling x6  
  137  9:34  Baneling x3  
  137  9:35  Baneling  
  144  9:39  Hatchery  
  143  9:47  Mutalisk x2  
  143  9:49  Zergling x12  
  143  9:50  Zergling x4  
  155  9:59  Zerg Flyer Weapons Level 2  
  153  10:07  Mutalisk x2  
  153  10:08  Extractor  
  153  10:09  Zergling x12  
  153  10:10  Zergling x10  
  167  10:14  Drone x2  
  167  10:15  Drone, Extractor  
  169  10:24  Overseer x3  
  169  10:25  Overseer  
  169  10:30  Zergling x20  
  169  10:35  Drone x2, Spore Crawler  
  181  10:37  Zerg Melee Weapons Level 2  
  181  10:42  Zerg Ground Armor Level 2  
  180  10:45  Zergling x6  
  182  10:53  Baneling  
  182  10:54  Baneling x9  
  177  10:57  Zergling x26  
  177  11:02  Zergling x2  
  173  11:12  Zergling x16  
  167  11:22  Zergling x10  
  167  11:24  Mutalisk x3  
  153  11:26  Baneling x6, Zergling x2  
  153  11:29  Queen  
  153  11:31  Zergling x8  
  160  11:32  Baneling  
  160  11:33  Baneling x7  
  160  11:34  Mutalisk  
  162  11:41  Zergling x8  
  165  11:53  Mutalisk x5  
  165  11:55  Queen x2  
  165  11:59  Hive  
  165  12:00  Baneling  
  165  12:01  Zergling x14  
  171  12:12  Pneumatized Carapace  
  169  12:16  Zergling x18  
  178  12:23  Overseer x2  
  178  12:25  Baneling  
  178  12:26  Baneling x5, Zergling x2  
  178  12:27  Zergling x4  
  177  12:40  Zergling x20  
  181  12:44  Baneling x3  
  181  12:45  Baneling x11  
  181  12:49  Zergling x2  
  181  13:04  Overlord x2  
  174  13:08  Zergling x8  
  174  13:09  Zergling x20  
  174  13:11  Baneling x10  
  174  13:12  Baneling x2  
  163  13:15  Zergling x12  
  159  13:21  Zergling x10  
  159  13:26  Zergling x10  
  141  13:29  Overseer  
  124  13:35  Baneling x7, Mutalisk x4  
  124  13:39  Baneling x6  
  124  13:40  Zergling x2  
  116  13:54  Mutalisk  
  116  13:55  Mutalisk x4  
  109  13:57  Zergling x6  
  109  14:02  Drone x2  
  108  14:06  Zergling x2  
  109  14:10  Zergling x2  
  109  14:11  Zergling x6  
  113  14:17  Baneling x6  
  113  14:18  Zergling x4  
  113  14:21  Queen  
  117  14:26  Zergling x2  
  117  14:27  Zergling x4  
  120  14:32  Baneling x6, Zergling x2  
  121  14:38  Adrenal Glands  
  121  14:41  Zergling x4  
  122  14:48  Zergling x6  
  125  14:54  Baneling  
  125  14:55  Baneling x8  
  125  14:56  Zergling x4  
  116  15:11  Zergling x2  
  116  15:12  Zergling x14  
  106  15:35  Zergling x8  
  106  15:36  Hatchery, Zergling x2  
  106  15:38  Baneling x3  
  106  15:40  Baneling x2  
  110  15:47  Zergling x4  
  112  15:55  Baneling  
  112  15:56  Baneling x6  
  112  16:16  Zergling x2  
  112  16:17  Zergling x16  
  117  16:33  Baneling x2  
  117  16:34  Baneling x2  
  117  16:43  Drone  
  118  16:48  Hatchery  
  115  16:56  Zergling x16  
  121  17:17  Zergling x6  
  121  17:18  Zergling x2  
  121  17:20  Baneling x3  
  121  17:21  Baneling  
  121  17:22  Baneling  
  119  17:23  Overseer  
  119  17:28  Overseer  
  111  17:42  Zergling x22  
  118  17:50  Zergling x10  
  114  17:52  Baneling x2  
  114  18:04  Zergling x6  
  94  18:06  Baneling  
Tags
 
Add a new tag
Caveats
  • Supply blocks, unpowered buildings, or Contaminate may cause inaccurate times.
  • Supply counts are checked every 10 seconds.